 Dungeon Crawl Stone Soup version bcrawl-1.28.5 (webtiles) character file.

Game seed: 8033640619514167020

147022 Anonimiaus the Sneak (level 4, 0/37 HPs)
             Began as a Human Archaeologist on Jan 23, 2021.
             Slain by an iguana (13 damage)
             ... on level 2 of the Dungeon.
             The game lasted 00:04:06 (1458 turns).

Anonimiaus the Sneak (Human Archaeologist)          Turns: 1458, Time: 00:04:06

Health: 0/37       AC:  6    Str: 12    XL:     4   Next: 67%
Magic:  4/4        EV: 13    Int: 15    God:
Gold:   57         SH:  0    Dex: 11    Spells: 1/3 levels left

rFire    + . .     SeeInvis .   q - +0 battleaxe (curse)
rCold    x . .     Gourm    .   (shield currently unavailable)
rNeg     . . .     Faith    .   c - +1 robe
rPois    .         Spirit   .   d - +1 hat
rElec    .         Reflect  .   (no cloak)
rCorr    .         Harm     .   (no gloves)
MR       .....                  i - +1 pair of boots
Stlth    ++........             (no amulet)
HPRegen  0.12/turn              m - ring of fire (curse)
MPRegen  0.09/turn              (no ring)

@: no status effects
A: no striking features
a: no special abilities


You were on level 2 of the Dungeon.
You were hungry.

You visited 1 branch of the dungeon, and saw 2 of its levels.

You collected 57 gold pieces.

Inventory:

Hand Weapons
 a - a +0 whip
 b - a +0 blowgun
 q - a cursed +0 battleaxe (weapon)
Missiles
 f - 6 curare-tipped needles
 j - 69 poisoned needles
Armour
 c - a +1 robe (worn)
 d - a +1 hat (worn)
 i - a +1 pair of boots (worn)
 r - a +0 chain mail
Jewellery
 m - a cursed ring of fire (left hand)
 p - an uncursed ring of see invisible
Scrolls
 g - a scroll of magic mapping
 o - a scroll of identify
Potions
 l - 3 potions of curing {unknown}
 n - a potion of heal wounds
Miscellaneous
 h - a dusty tome
Comestibles
 e - 3 rations {!d}


   Skills:
 + Level 3.9 Fighting
 - Level 1.1 Maces & Flails
 - Level 3.2 Dodging
 - Level 4.0 Stealth


You had one spell level left.
You knew the following spells:

 Your Spells              Type           Power        Failure   Level  Hunger
a - Blink                 Tloc           N/A          38%         2    ####...

Your spell library contained the following spells:

 Spells                   Type           Power        Failure   Level  Hunger
 Magic Dart               Conj           #...         26%         1    None
 Call Imp                 Summ           #.....       38%         2    ####...
 Conjure Flame            Conj/Fire      #.......     63%         3    #####..
 Mephitic Cloud           Conj/Pois/Air  #.......     63%         3    #####..
 Spider Form              Tmut/Pois      #..          63%         3    #####..


Dungeon Overview and Level Annotations

Branches:
Dungeon (2/12)

Altars:

Annotations:
D:2 exclusion: scorpion


Message History

The iguana is heavily wounded.
The iguana bites you!
You hit the iguana.
The iguana is severely wounded.
The iguana barely misses you. x2
You barely miss the iguana.
The iguana is severely wounded.
The iguana misses you. The iguana bites you!
You are too injured to fight recklessly!
You are too injured to fight recklessly!
You barely miss the iguana.
The iguana is severely wounded.
The iguana closely misses you.
You completely miss the iguana.
The iguana is severely wounded.
The iguana misses you. The iguana bites you!
You completely miss the iguana.
The iguana is severely wounded.
The iguana bites you!
You die...

.............# #.###.....
.............# ##.# ...
.............# #..# .
.###.......<.# #.## .#
#.#.....#.######.# ##
#.###.[##...#....##
####.####...##.......###
..................♣♣...#
##..............@♣♣♣♣♣.#
.......)....##..l♣ ♣.######
.................♣ ♣......#
..............##.♣ ♣..)...#
..............##.♣ ♣♣......#
...#...(.#######.♣♣♣♣...#####
.....##..# #........#
......#..#### ##.##....##
..#.........# # ###...#


You could see an iguana.

Vanquished Creatures
  A hound (D:2)
  2 worms (D:2)
  4 leopard geckos (D:2)
  2 orcs (D:2)
  A ball python (D:1)
  4 bats
  2 giant cockroaches (D:1)
  6 goblins
  3 hobgoblins
  A jackal (D:1)
  6 kobolds
  2 frilled lizards (D:2)
  5 rats
39 creatures vanquished.

Vanquished Creatures (others)
  4 toadstools (D:1)
4 creatures vanquished.

Grand Total: 43 creatures vanquished

Notes
Turn   | Place    | Note
-------+----------+-------------------------------------------
     0 | D:1      | Anonimiaus the Human Archaeologist began the quest for the
                  | Orb.
     0 | D:1      | Reached XP level 1. HP: 15/15 MP: 1/1
   186 | D:1      | Reached XP level 2. HP: 21/21 MP: 2/2
   197 | D:1      | Reached skill level 4 in Stealth
   728 | D:1      | Reached XP level 3. HP: 28/28 MP: 3/3
   873 | D:2      | Noticed a scorpion
   974 | D:2      | Learned a level 2 spell: Blink
  1084 | D:2      | Reached XP level 4. HP: 21/36 MP: 4/4
  1458 | D:2      | Slain by an iguana

Skill      XL: |  1  2  3 |
---------------+----------+-----
Stealth        | 4 |  4.0
Fighting       | 2 3 |  3.9
Maces & Flails | |  1.1
Dodging        | |  3.2

Action                   |  1- 3 |  4- 6 || total
-------------------------+-------+-------++-------
Melee: Whip              |   126 |       ||   126
       Battleaxe         |    17 |    33 ||    50
  Use: Scroll            |     1 |     1 ||     2
       Potion            |     1 |       ||     1
 Stab: Sleeping          |     7 |     2 ||     9
  Eat: Chunk             |     4 |     3 ||     7
Armor: Robe              |    55 |     3 ||    58
Dodge: Dodged            |   126 |    25 ||   151
